 Dungeon Crawl Stone Soup version 0.27.1-34-g3ba077fa99 (webtiles) character file.

Game seed: 10924039523916830670

0 cbfl8 the Sneak (level 1, 0/19 HPs)
             Began as a Minotaur Delver on Jan 24, 2022.
             Slain by a black bear (2 damage)
             ... on level 5 of the Dungeon.
             The game lasted 00:00:18 (76 turns).

cbfl8 the Sneak (Minotaur Delver)                     Turns: 76, Time: 00:00:19

Health: 0/19       AC:  3    Str: 16    XL:     1   Next: 0%
Magic:  0/0        EV: 11    Int:  7    God:
Gold:   0          SH:  0    Dex: 11    Spells: 0/0 levels left

rFire    . . .     SeeInvis .   a - +0 hand axe
rCold    . . .     Faith    .   (no shield)
rNeg     . . .     Spirit   .   b - +0 leather armour
rPois    .         Reflect  .   (helmet restricted)
rElec    .         Harm     .   (no cloak)
rCorr    .         Rampage  .   (no gloves)
Will     .....                  (no boots)
Stlth    ++........             (no amulet)
HPRegen  0.06/turn              (no ring)
MPRegen  0.07/turn              (no ring)

@: no status effects
A: horns 2, retaliatory headbutt
a: no special abilities


You were on level 5 of the Dungeon.
You visited 1 branch of the dungeon, and saw 2 of its levels.

Inventory:

Hand Weapons
 a - a +0 hand axe (weapon)
Missiles
 h - 17 arrows
Armour
 b - a +0 leather armour (worn)
Wands
 g - a wand of digging (3)
Scrolls
 c - a scroll of fog
 d - a scroll of magic mapping
 e - 2 scrolls of fear
Potions
 f - a potion of haste


   Skills:
 + Level 3.6 Fighting
 + Level 2.4 Axes
 + Level 2.1 Dodging
 + Level 4.1 Stealth


You couldn't memorise any spells.
You didn't know any spells.
Your spell library was empty.

Dungeon Overview and Level Annotations

Branches:
Dungeon (5/15)
 Temple: D:4-7

Altars:


Innate Abilities, Weirdness & Mutations

You have a pair of horns on your head.
You reflexively headbutt those who attack you in melee.


Message History

You see here 17 arrows.
h - 17 arrows
Found a stone staircase leading up.
There is a stone staircase leading up here.
You climb upwards.
The ogre shouts!
There is a stone staircase leading down here.
The hobgoblin shouts!
You climb downwards.
There is a stone staircase leading up here.
Found 17 gold pieces.
Found a scroll labelled UTWOUG UCLU.
A black bear comes into view.
The black bear growls angrily.
A water moccasin comes into view.
You see here 17 gold pieces.
The black bear bites you! The black bear claws you. The black bear misses you.
You slash the black bear!
The black bear is moderately wounded.
The black bear misses you. The black bear barely misses you.
The black bear claws you but does no damage.
You hit the black bear but do no damage.
The black bear is moderately wounded.
The black bear barely misses you.
The black bear claws you but does no damage.
The black bear claws you.
You hit the black bear but do no damage.
Your headbutt misses the black bear.
The black bear is moderately wounded.
The black bear bites you. The black bear claws you.
* * * LOW HITPOINT WARNING * * *
The black bear misses you.
The water moccasin completely misses you.
You hit the black bear but do no damage.
The black bear is moderately wounded.
You hit the water moccasin. The black bear bites you.
* * * LOW HITPOINT WARNING * * *
The black bear claws you but does no damage.
The black bear claws you.
You die...

#.. ....?
#.###.#.###
.######...#......
................
...............
............######.
.......S...........
......h@$...#####
#########+#.....#
........###.#
........# #.#
........# #.#
..#.#.... #.##.....
# #.##... #.##....#
# ######.##....#.
#..<.##....#.


You could see a water moccasin and a black bear.

Vanquished Creatures (others)
  An adder (D:5)
1 creature vanquished.

Notes
Turn   | Place    | Note
-------+----------+-------------------------------------------
     0 | D:5      | cbfl8 the Minotaur Delver began the quest for the Orb.
     0 | D:5      | Reached XP level 1. HP: 19/19 MP: 0/0
    53 | D:4      | Noticed a scorpion
    53 | D:4      | Noticed an ogre
    69 | D:5      | Noticed a black bear
    71 | D:5      | Noticed a water moccasin
    76 | D:5      | Slain by a black bear

Illustrated notes

Levels and vault maps discovered:
D:4:      layout_basic, minmay_bent
D:5:      layout_basic, makhleb_grotto_becter, lemuel_temple_firewalk_a,
          uniq_ijyb

Action                   || total
-------------------------++-------
Melee: Hand axe          ||     4
Armor: Leather armour    ||     3
Dodge: Dodged            ||     6
